 Dungeon Crawl Stone Soup version 0.32-a0-450-g080537f31e (webtiles) character file.

Game seed: 5298596697976027624

2646 pokeman the Thaumaturge (level 9, -8/51 HPs)
             Began as a Deep Elf Hedge Wizard on Feb 23, 2024.
             Was a Follower of Vehumet.
             Killed from afar by a manticore (15 damage)
             ... with a volley of spikes
             ... on level 8 of the Dungeon.
             The game lasted 00:14:32 (6314 turns).

pokeman the Thaumaturge (Deep Elf Hedge Wizard)     Turns: 6314, Time: 00:14:33

Health: -8/51      AC:  3    Str:  7    XL:     9   Next: 36%
Magic:  35/36      EV: 13    Int: 24    God:    Vehumet [*.....]
Gold:   437        SH:  0    Dex: 14    Spells: 17/32 levels left

rFire   . . .        r - +0 hand axe (elec)
rCold   . . .        (no shield)
rNeg    . . .        b - +0 robe
rPois   .            z - +0 helmet
rElec   .            (no cloak)
rCorr   .            (no gloves)
SInv    .            (no boots)
Will    .....        e - amulet of magic regeneration
Stlth   ++           s - ring of wizardry
HPRegen 0.28/turn    c - ring of magical power
MPRegen 0.65/turn

%: wizardry (x1)
@: spiked, on blink cooldown
A: no striking features
a: Renounce Religion


You were on level 8 of the Dungeon.
You worshipped Vehumet.
Vehumet was aware of your devotion.
You visited 2 branches of the dungeon, and saw 9 of its levels.

You collected 437 gold pieces.

Inventory:

Hand Weapons
 r - a +0 hand axe of electrocution (weapon)
Armour
 b - a +0 robe (worn)
 z - a +0 helmet (worn)
Jewellery
 c - a ring of magical power (right hand)
 e - an amulet of magic regeneration (around neck)
 s - a ring of wizardry (left hand)
 D - a +6 ring of dexterity
Wands
 u - a wand of polymorph (7)
 C - a wand of flame (25)
 E - a wand of mindburst (8)
Scrolls
 a - a scroll of poison {unknown}
 f - 2 scrolls of noise {unknown}
 g - 2 scrolls of blinking {unknown}
 h - 7 scrolls of teleportation {unknown}
 k - 8 scrolls of identify {unknown}
 l - 2 scrolls of torment {unknown}
 m - a scroll of vulnerability {unknown}
 n - 2 scrolls of fog {unknown}
 q - 2 scrolls of amnesia {unknown}
 x - a scroll of butterflies {unknown}
 y - 2 scrolls of enchant weapon {unknown}
 F - a scroll of enchant armour {unknown}
Potions
 d - 6 potions of magic
 i - 3 potions of lignification {unknown}
 j - 2 potions of might {unknown}
 o - a potion of attraction {unknown}
 p - a potion of degeneration {unknown}
 t - a potion of heal wounds {unknown}
 v - 2 potions of brilliance {unknown}
 w - 2 potions of haste {unknown}
 A - 3 potions of curing {unknown}
 B - a potion of enlightenment {unknown}


   Skills:
 + Level 3.4 Fighting
 - Level 3.0 Armour
 - Level 3.0 Dodging
 - Level 3.0 Stealth
 * Level 12.0 Spellcasting
 + Level 6.6 Conjurations
 - Level 1.1 Summonings
 - Level 1.1 Translocations
 + Level 1.7 Fire Magic
 - Level 1.2 Ice Magic
 - Level 1.2 Air Magic
 - Level 1.1 Alchemy
 - Level 1.2 Evocations


You had 17 spell levels left.
You knew the following spells:

 Your Spells              Type           Power      Damage    Failure   Level
a - Magic Dart            Conj           100%       1d8       1%          1
b - Mephitic Cloud        Conj/Alch/Air  28%        N/A       1%          3
c - Call Imp              Summ           38%        N/A       1%          2
d - Blink                 Tloc           38%        N/A       1%          2
e - Foxfire               Conj/Fire      100%       2x1d9     1%          1
f - Fireball              Conj/Fire      17%        3d9       9%          5
g - Freeze                Ice            80%        1d9       1%          1

Your spell library contained the following spells:

 Spells                   Type           Power      Damage    Failure   Level
 Slow                     Hex            56%        N/A       1%          1
 Cigotuvi's Dreadful Rot  Necr/Alch/Air  36%        N/A       1%          2
 Cause Fear               Hex            7%         N/A       16%         4
 Starburst                Conj/Fire      17%        6d6       41%         6
 Plasma Beam              Fire/Air       10%        2x1d21    77%         6
 Dragon's Call            Summ           9%         N/A       100%        9


Dungeon Overview and Level Annotations

Branches:
Dungeon (8/15)             Temple (1/1) D:5
   Lair: D:8-11

Altars:
Ashenzari
Cheibriados
Dithmenos
Fedhas
Gozag
Hepliaklqana
Kikubaaqudgha
Makhleb
Okawaru
Qazlal
Sif Muna
Trog
Uskayaw
Vehumet
Wu Jian
Xom
Yredelemnul
Zin
The Shining One

Shops:
D:8 (((

Annotations:
D:5 3 runed translucent doors, SevenDeadlySins's ghost, amateur MDFE
D:7 3 runed translucent doors, SweetJohnnyV's ghost, novice MiBe


Message History

Casting: Foxfire (safe; 1% risk of failure)
Confirm with . or Enter, or press ? or * to list all spells.
A tiny devil pulls itself out of the air.
Unknown command.
You barely miss the manticore.
The manticore is moderately wounded.
The manticore bites you.
The manticore claws you but does no damage.
The manticore claws you.
Your cerulean imp hits the manticore but does no damage.
Unknown command.
You hit the manticore but do no damage.
The manticore is moderately wounded.
The manticore completely misses you. The manticore barely misses you.
The manticore claws you.
Your cerulean imp hits the manticore but does no damage.
Unknown command.
You hit the manticore but do no damage.
The manticore is moderately wounded.
The manticore barely misses you. The manticore misses you.
The manticore claws you!
Your cerulean imp hits the manticore but does no damage.
The manticore closely misses you. x2; The manticore barely misses you.
Unknown command.
You hit the manticore.
The manticore is moderately wounded.
The manticore seems less confused.
Your cerulean imp hits the manticore but does no damage.
The manticore bites you! The manticore claws you.
* * * LOW HITPOINT WARNING * * *
The manticore claws you!
* * * LOW HITPOINT WARNING * * *
Your cerulean imp hits the manticore with a -3 spear.
Casting: Call Imp (safe; 1% risk of failure)
Confirm with . or Enter, or press ? or * to list all spells.
You blink.
The manticore flicks its tail.
The volley of spikes skewers you!
The barbed spikes become lodged in your body.
You die...

..#####.#####
#.#####.# #)# .#
#.# #.# #.# # #.#
#.# #.### #.# #.#
....# #.# #.##
.##.###.# #.# #
#..# .##.....# #.#
.# ##.####
.##.##### #.##.
#....# ....# #@#.
#..#.# ..### #.°#
#....# ..# ####.#.#
##.∩.# ..#
##.##H##.# #....#
### #.#.5§# ##
#..#.#
######.#######
#....#
.##.....[......# .#
#.####
..........####.##.#
#.#
.##.####<.###...#.#
#.#


You could see a manticore (ally target) and a friendly cerulean imp (summoned).

Vanquished Creatures
  Prince Ribbit (D:5)
  Sigmund (D:6)
  2 steam dragons (D:8)
  Duvessa (D:4)
  An orc warrior (D:6)
  2 ice beasts
  2 sky beasts
  2 ogres (D:5)
  A phantom (D:6)
  A gnoll sergeant (D:7)
  A bullfrog (D:8)
  2 scorpions
  4 bombardier beetles
  2 orc priests
  5 hounds
  Jessica (D:2)
  5 orc wizards
  4 iguanas
  12 gnolls
  5 adders
  2 white imps
  2 dart slugs (D:3)
  15 orcs
  4 ball pythons
  3 bats (D:2)
  6 endoplasms
  2 giant cockroaches
  A goblin (D:4)
  2 hobgoblins
  5 quokkas
  2 frilled lizards (D:1)
  9 kobolds
  3 rats
111 creatures vanquished.

Vanquished Creatures (collateral kills)
  Edmund (D:6)
  Dowan (D:4)
  A giant cockroach (D:4)
3 creatures vanquished.

Vanquished Creatures (others)
  38 foxfires (D:8)
38 creatures vanquished.

Grand Total: 152 creatures vanquished

Notes
Turn   | Place    | Note
-------+----------+-------------------------------------------
     0 | D:1      | pokeman the Deep Elf Hedge Wizard began the quest for the
                  | Orb.
     0 | D:1      | Reached XP level 1. HP: 10/10 MP: 7/7
   239 | D:1      | Found a faded altar of an unknown god.
   260 | D:1      | Reached XP level 2. HP: 16/16 MP: 6/9
   659 | D:2      | Noticed Jessica
   665 | D:2      | Killed Jessica
   666 | D:2      | Reached skill level 5 in Spellcasting
   666 | D:2      | Reached XP level 3. HP: 20/20 MP: 6/11
   670 | D:2      | Learned a level 3 spell: Mephitic Cloud
   673 | D:2      | Learned a level 2 spell: Call Imp
   676 | D:2      | Learned a level 2 spell: Blink
   700 | D:2      | Reached skill level 1 in Fighting
   700 | D:2      | Reached skill level 1 in Armour
   714 | D:2      | You fall into a shaft and drop 1 floor!
  1034 | D:3      | Reached XP level 4. HP: 21/25 MP: 8/13
  1730 | D:4      | Reached skill level 6 in Spellcasting
  1730 | D:4      | Reached XP level 5. HP: 29/29 MP: 12/15
  1807 | D:4      | Noticed Duvessa
  1825 | D:4      | Noticed Dowan
  1831 | D:4      | Killed Dowan
  1832 | D:4      | Reached skill level 1 in Air Magic
  1832 | D:4      | Reached skill level 1 in Alchemy
  1968 | D:4      | Killed Duvessa
  1969 | D:4      | Reached skill level 7 in Spellcasting
  1969 | D:4      | Reached XP level 6. HP: 16/34 MP: 16/18
  2701 | D:5      | Entered Level 5 of the Dungeon
  2921 | D:5      | Noticed Prince Ribbit
  2932 | D:5      | Killed Prince Ribbit
  2933 | D:5      | Reached skill level 8 in Spellcasting
  2933 | D:5      | Reached XP level 7. HP: 40/40 MP: 13/20
  3098 | D:5      | Reached skill level 1 in Evocations
  3208 | D:5      | Reached skill level 9 in Spellcasting
  3439 | D:5      | Found a runed translucent gate.
  3448 | D:5      | Found a runed translucent gate.
  3448 | D:5      | Found a runed translucent gate.
  3449 | D:5      | Noticed SevenDeadlySins's ghost (amateur MDFE)
  3487 | D:5      | Found a staircase to the Ecumenical Temple.
  3493 | Temple   | Entered the Ecumenical Temple
  3840 | D:6      | Noticed Edmund
  3865 | D:6      | Killed Edmund
  3866 | D:6      | Reached XP level 8. HP: 9/45 MP: 23/23
  3920 | D:6      | Reached skill level 5 in Conjurations
  4008 | D:6      | Found a radiant altar of Vehumet.
  4008 | D:6      | Found an ornate altar of the Wu Jian Council.
  4012 | D:6      | Became a worshipper of Vehumet
  4040 | D:6      | Reached skill level 10 in Spellcasting
  4345 | D:6      | Found a shadowy altar of Dithmenos.
  4380 | D:6      | Noticed Sigmund
  4395 | D:6      | Killed Sigmund
  4758 | D:6      | Reached skill level 11 in Spellcasting
  5099 | D:7      | Reached * piety under Vehumet
  5099 | D:7      | Offered knowledge of Freeze by Vehumet.
  5102 | D:7      | Learned a level 1 spell: Freeze
  5119 | D:7      | Reached XP level 9. HP: 38/49 MP: 26/26
  5135 | D:7      | Reached skill level 1 in Ice Magic
  5456 | D:7      | Learned a level 1 spell: Foxfire
  5474 | D:7      | Found a runed translucent gate.
  5474 | D:7      | Found a runed translucent gate.
  5474 | D:7      | Found a runed translucent gate.
  5475 | D:7      | Found an opulent altar of Gozag.
  5476 | D:7      | Noticed SweetJohnnyV's ghost (novice MiBe)
  5686 | D:7      | Found an opulent altar of Gozag.
  5834 | D:7      | Found an ancient bone altar of Kikubaaqudgha.
  5874 | D:7      | Learned a level 5 spell: Fireball
  5874 | D:7      | Found a glowing golden altar of the Shining One.
  6007 | D:8      | Reached skill level 1 in Fire Magic
  6022 | D:8      | Reached skill level 12 in Spellcasting
  6092 | D:8      | Found Qeshryus's Weapon Shop.
  6196 | D:8      | Found Ymyt's Antique Weapon Shop.
  6212 | D:8      | Found Kodasos's Weapon Emporium.
  6257 | D:8      | Found an iron altar of Okawaru.
  6304 | D:8      | Noticed a manticore
  6314 | D:8      | Killed from afar by a manticore

Illustrated notes

Levels and vault maps discovered:
D:1:      lemuel_arrival_broad_hall, layout_basic,
          chequers_ecumenical_altar_simple, serial_bayou_lake_a
D:2:      layout_rooms, serial_bayou_lagoon_b, uniq_jessica
D:3:      layout_basic
D:4:      layout_basic, serial_aquarium, aquarium_bridge_square
          [aquarium_subvault_wall, aquarium_subvault_bridge,
          aquarium_subvault_bridge, aquarium_subvault_bridge],
          aquarium_window_2, aquarium_window_corridor_2, aquarium_view_2a,
          aquarium_view_2b, aquarium_balcony_double_4, aquarium_pool_split,
          uniq_duvessa
D:5:      layout_layer_cave, minmay_temple_entry_enclosed_plants,
          ebering_ghost_rock_garden, uniq_prince_ribbit1
D:6:      layout_basic, mainiacjoe_overflow_divided_tiny, grunt_dithmenos_smoke,
          uniq_sigmund, uniq_edmund
D:7:      layout_basic, grunt_gozag_breadcrumbs, mainiacjoe_overflow_two_lobes,
          ebering_ghost_gozag
D:8:      layout_loops_ring, lemuel_coloured_pillars_altar, serial_shops, shop,
          nicolae_shop_stone, nicolae_shop_tiny_statue_garden
Temple:   hellmonk_temple_forest_ring

Skill      XL: |  1  2  3  4  5  6  7  8  9 |
---------------+----------------------------+-----
Spellcasting   | 5 6 7 8 9 11 12 | 12.0
Fighting       | 1 2 3 |  3.4
Armour         | 1 2 3 |  3.0
Conjurations   | 2 3 4 6 |  6.6
Stealth        | 3 |  3.0
Dodging        | 3 |  3.0
Air Magic      | 1 |  1.2
Alchemy        | 1 |  1.1
Evocations     | 1 |  1.2
Ice Magic      | 1 |  1.2
Fire Magic     | 1 |  1.7
Summonings     | |  1.1
Translocations | |  1.1

Action                     |  1- 3 |  4- 6 |  7- 9 || total
---------------------------+-------+-------+-------++-------
  Melee: Dagger            |       |     3 |       ||     3
         Hand axe          |       |    25 |    82 ||   107
   Cast: Magic Dart        |    76 |    83 |   113 ||   272
         Mephitic Cloud    |       |     9 |    29 ||    38
         Call Imp          |       |     2 |     3 ||     5
         Blink             |       |       |     2 ||     2
         Foxfire           |       |       |    21 ||    21
         Freeze            |       |       |     5 ||     5
   Stab: Sleeping          |       |     1 |       ||     1
         Confused          |       |     3 |    14 ||    17
 Armour: Robe              |     5 |    12 |    50 ||    67
  Dodge: Dodged            |    12 |    19 |    46 ||    77

Table legend: (Time is in decaauts)
 A = Elapsed time spent in this place.
 B = Non-inter-level travel time spent in this place.
 C = Inter-level travel time spent in this place.
 D = Time resting spent in this place.
 E = Time spent auto-exploring this place.
 F = Levels seen in this place.
 G = Mean time per level.
                   A        B        C        D        E       F      G
               +--------+--------+--------+--------+--------+-----+--------+
         Total |   6386 |   6088 |    298 |    115 |   5064 |   9 |  709.6 |
       Dungeon |   6384 |   6086 |    298 |    115 |   5064 |   8 |  798.0 |
        Temple |      1 |      1 |      0 |      0 |      0 |   1 |    1.0 |
               +--------+--------+--------+--------+--------+-----+--------+

Top non-repeatable levels by time:
     D:7: 1137 daAuts
     D:5: 1120 daAuts
     D:6: 1048 daAuts
     D:4: 978 daAuts
     D:3: 733 daAuts
     D:1: 654 daAuts
     D:2: 382 daAuts
     D:8: 331 daAuts
  Temple: 1 daAuts
